 Dungeon Crawl Stone Soup version 0.20-a0-1109-ge3cd172 (webtiles) character file.

848 nubinia the Magician (level 7, -1/53 HPs)
             Began as a Grey Draconian Air Elementalist on May 5, 2017.
             Was a Follower of Kikubaaqudgha.
             Slain by a gnoll
             ... wielding a +0 halberd
              (14 damage)
             ... on level 6 of the Dungeon.
             The game lasted 00:33:48 (5781 turns).

nubinia the Magician (DrAE)                         Turns: 5781, Time: 00:33:49

Health: -1/53      AC: 12    Str: 11    XL:     7   Next: 69%
Magic:  5/13       EV: 13    Int: 19    God:    Kikubaaqudgha [*.....]
Gold:   369        SH:  0    Dex: 11    Spells: 3/14 levels left

rFire    . . .     SeeInvis .   a - +1 dagger
rCold    . . .     Gourm    .   (no shield)
rNeg     . . .     Faith    .   (armour unavailable)
rPois    .         Spirit   .   (helmet restricted)
rElec    .         Reflect  .   t - +0 cloak
rCorr    .         Harm     .   (no gloves)
MR       .....                  (no boots)
Stlth    ++........             (no amulet)
Regen    0.2/turn               h - +2 ring of intelligence
MPRegen  0.2/turn               o - ring of flight

@: no status effects
A: walk through water, unfitting armour, unbreathing, cold-blooded, AC +11
a: Receive Corpses, Renounce Religion, Evoke Flight


You were on level 6 of the Dungeon.
You worshipped Kikubaaqudgha.
Kikubaaqudgha was aware of your devotion.
You were near starving.

You visited 2 branches of the dungeon, and saw 7 of its levels.

You collected 369 gold pieces.

Inventory:

Hand Weapons
 a - a +1 dagger (weapon)
 b - a +0 blowgun
Missiles
 A - 20 poisoned needles
Armour
 f - a +0 buckler
 t - a +0 cloak (worn)
Jewellery
 h - a +2 ring of intelligence (left hand)
 o - a ring of flight (right hand)
Scrolls
 c - a scroll of remove curse
 l - 3 scrolls of enchant weapon
 r - 2 scrolls of fog
 s - a scroll of amnesia
 w - a scroll of identify
Potions
 e - a potion of lignification {unknown}
 g - 2 potions of might {unknown}
 j - a potion of flight {unknown}
 k - a potion of brilliance {unknown}
 m - a potion of degeneration {unknown}
 q - a potion of invisibility {unknown}
 u - a potion of cancellation {unknown}
 v - 2 potions of berserk rage
 x - a potion of magic {unknown}
Books
 d - a book of Air

   Spells                             Type                      Level
   a - Shock                          Conjuration/Air              1
   b - Swiftness                      Charms/Air                   2
   c - Static Discharge               Conjuration/Air              3
   d - Airstrike                      Air                          4
   e - Lightning Bolt                 Conjuration/Air              5
 n - Kikubaaqudgha's Volume of Evil Magic
   (Kikubaaqudgha gifted it to you on level 6 of the Dungeon)

   Spells                             Type                      Level
   a - Pain                           Necromancy                   1
   b - Corpse Rot                     Necromancy                   2
   c - Sublimation of Blood           Necromancy                   2
   d - Vampiric Draining              Necromancy                   3
   e - Control Undead                 Necromancy                   4
 p - a book of Cantrips

   Spells                             Type                      Level
   a - Confusing Touch                Hexes                        1
   b - Animate Skeleton               Necromancy                   1
   c - Summon Small Mammal            Summoning                    1
   d - Apportation                    Translocation                1
Comestibles
 i - a meat ration
 y - 6 bread rations
 z - 4 chunks of flesh


   Skills:
 + Level 1.6 Fighting
 + Level 1.5 Short Blades
 + Level 3.3 Dodging
 + Level 3.2 Stealth
 + Level 4.3 Spellcasting
 + Level 3.4 Conjurations
 + Level 0.1 Charms
 + Level 1.3 Necromancy
 + Level 4.2 Air Magic


You had 3 spell levels left.
You knew the following spells:

 Your Spells              Type           Power        Failure   Level  Hunger
a - Shock                 Conj/Air       ###.         2%          1    None
b - Static Discharge      Conj/Air       ###.....     9%          3    ###....
c - Airstrike             Air            ###.......   24%         4    ####...
s - Swiftness             Chrm/Air       ##......     9%          2    #......
S - Animate Skeleton      Necr           N/A          8%          1    None


Dungeon Overview and Level Annotations

Branches:
Dungeon (6/15)             Temple (1/1) D:4

Altars:
Ashenzari
Cheibriados
Dithmenos
Elyvilon
Fedhas
Gozag
Hepliaklqana
Kikubaaqudgha
Makhleb
Nemelex Xobeh
Okawaru
Qazlal
Sif Muna
Trog
Vehumet
Xom
Yredelemnul
Zin
The Shining One

Annotations:
D:3 Nico3ck's ghost, amateur FoGl


Innate Abilities, Weirdness & Mutations

You can walk through water.
Your dull iron-grey scales are very hard. (AC +11)
You cannot fit into any form of body armour.
You can survive without breathing.
You are cold-blooded and may be slowed by cold attacks.


Message History

The gnoll is severely wounded.
The gnoll misses you. The gnoll closely misses you. The gnoll misses you.
You barely miss the gnoll.
Your tail-slap misses the gnoll.
The gnoll is severely wounded.
The gnoll completely misses you. The gnoll closely misses you.
You hit the gnoll but do no damage.
The gnoll is severely wounded.
The gnoll closely misses you. The gnoll hits you.
You completely miss the gnoll.
The gnoll is severely wounded.
The gnoll hits you.
* * * LOW HITPOINT WARNING * * *
The gnoll misses you. The gnoll hits you.
* * * LOW HITPOINT WARNING * * *
You hit the gnoll.
The gnoll is almost dead.
The gnoll hits you but does no damage.
The gnoll hits you from afar with a halberd!
You die...
Kikubaaqudgha rasps: "You have failed me!
Welcome... death!"

#.......Z.....#
#.####.##.##..#
#.# #%##.##gS#####
#F# #Z##...gg.g...
#.## #.####g#5####
#..###.###.##
###.#.#....g##
#(.###....ggg##
####.#.#.#.#####@#
.....##..#.# ##g#
###..###..#. ...
.........#g## ##.#
##.<###.## # .#
#..# #.# # #..##..
##..#.# ..
#<...##..#.


You could see 5 gnolls.

Vanquished Creatures
  An ice beast (D:6)
  An ogre (D:5)
  A bullfrog (D:6)
  A water moccasin zombie (D:5)
  A howler monkey (D:4)
  A bullfrog zombie (D:5)
  An orc priest (D:4)
  4 hounds
  2 orc wizards (D:6)
  A centaur skeleton (D:5)
  2 worker ants
  A howler monkey skeleton (D:6)
  A gnoll (D:6)
  7 adders
  2 adder zombies (D:2)
  2 adder skeletons (D:4)
  2 worms
  2 dart slugs
  8 leopard geckos
  5 orcs
  A bat skeleton (D:2)
  4 giant cockroaches
  11 goblins
  5 hobgoblins
  7 jackals
  2 quokkas
  2 ball pythons
  A ball python zombie (D:2)
  7 bats
  A giant cockroach zombie (D:2)
  6 kobolds
  A leopard gecko skeleton (D:2)
  A quokka skeleton (D:2)
  A quokka zombie (D:2)
  11 rats
107 creatures vanquished.

Vanquished Creatures (collateral kills)
  A dart slug (D:4)
  A leopard gecko (D:4)
2 creatures vanquished.

Grand Total: 109 creatures vanquished

Notes
Turn   | Place    | Note
-------+----------+-------------------------------------------
     0 | D:1      | nubinia the Draconian Air Elementalist began the quest for the Orb.
     0 | D:1      | Reached XP level 1. HP: 14/14 MP: 3/3
   230 | D:1      | Reached XP level 2. HP: 15/20 MP: 0/5
   301 | D:1      | Learned a level 2 spell: Swiftness
   955 | D:1      | Reached XP level 3. HP: 23/26 MP: 2/6
   985 | D:1      | Learned a level 3 spell: Static Discharge
  1885 | D:2      | Reached XP level 4. HP: 33/33 MP: 5/7
  2068 | D:2      | Found an opulent altar of Gozag.
  2181 | D:3      | Noticed Nico3ck's ghost (amateur FoGl)
  2312 | D:3      | Learned a level 1 spell: Animate Skeleton
  3017 | D:4      | Reached skill level 1 in Necromancy
  3017 | D:4      | Reached XP level 5. HP: 36/38 MP: 9/9
  3131 | D:4      | Found a stormy altar of Qazlal.
  3739 | D:4      | Found a snail-covered altar of Cheibriados.
  3799 | D:4      | Found a shimmering altar of Xom.
  3930 | D:4      | Noticed a two-headed ogre
  4003 | D:4      | Found a staircase to the Ecumenical Temple.
  4009 | Temple   | Entered the Ecumenical Temple
  4062 | Temple   | Became a worshipper of Kikubaaqudgha
  4301 | D:5      | Entered Level 5 of the Dungeon
  4307 | D:5      | Noticed an ogre
  4321 | D:5      | Found a blossoming altar of Fedhas.
  4346 | D:5      | Reached XP level 6. HP: 43/45 MP: 8/11
  4410 | D:5      | Reached skill level 1 in Short Blades
  4751 | D:5      | Learned a level 4 spell: Airstrike
  4978 | D:5      | Reached skill level 1 in Fighting
  5085 | D:5      | Your scales start taking on a dull iron-grey colour.
  5085 | D:5      | Reached XP level 7. HP: 22/52 MP: 2/12
  5085 | D:5      | Gained mutation: You can survive without breathing. [Grey Draconian growth]
  5178 | D:5      | Found a deep blue altar of Sif Muna.
  5439 | D:6      | Reached * piety under Kikubaaqudgha
  5439 | D:6      | Identified Kikubaaqudgha's Volume of Evil Magic (Kikubaaqudgha gifted it to you on level 6 of the Dungeon)
  5439 | D:6      | Received a gift from Kikubaaqudgha
  5603 | D:6      | Found a burning altar of Makhleb.
  5781 | D:6      | Slain by a gnoll

Vault maps used:
D:1:      minmay_arrival_wavy_path
D:2:      marbit_many_paths, first_bread, serial_undead, serial_undead_e,
          serial_undead_d, serial_undead_e, serial_undead_b
D:4:      nicolae_qazlal_general_emergency, kennysheep_slug_shrine,
          minmay_temple_entry_overgrown, kennysheep_diamond, nrook_uturn,
          tgw_xom
D:5:      kennysheep_mini_moat, lemuel_round_altar
D:6:      makhleb_grotto_becter, portal_sewer_entry_c, lemuel_angel_altar
Temple:   nicolae_temple_god_jail

Skill      XL: |  1  2  3  4  5  6  7 |
---------------+----------------------+-----
Dodging        | 2 3 |  3.3
Air Magic      | 4 3 4 |  4.2
Conjurations   | 2 3 |  3.4
Stealth        | 2 3 |  3.2
Necromancy     | 1 |  1.3
Spellcasting   | 3 4 |  4.3
Short Blades   | 1 |  1.5
Fighting       | 1 |  1.6
Charms         | |  0.1

Action                   |  1- 3 |  4- 6 |  7- 9 || total
-------------------------+-------+-------+-------++-------
Melee: Dagger            |    89 |   109 |   104 ||   302
       Tailslap          |     7 |    14 |     9 ||    30
 Cast: Shock             |    92 |   112 |    22 ||   226
       Animate Skeleton  |       |    14 |     2 ||    16
       Static Discharge  |       |     7 |    11 ||    18
       Swiftness         |       |     5 |       ||     5
  Use: Scroll            |     6 |     4 |       ||    10
       Potion            |       |     1 |       ||     1
 Stab: Sleeping          |       |     5 |     1 ||     6
  Eat: Chunk             |     4 |     8 |       ||    12
       Meat ration       |       |     1 |       ||     1
Armor: Skin              |    25 |    46 |    52 ||   123
Dodge: Dodged            |    71 |   109 |   117 ||   297
